 Dungeon Crawl Stone Soup version 0.30-a0-782-ge64f9170bb (webtiles) character file.

Game seed: 5444221971386660579

84 theswoord the Cudgeller (level 4, -1/35 HPs)
             Began as a Demonspawn Monk on Feb 18, 2023.
             Killed from afar by Ijyb (12 damage)
             ... with a bolt of light
             ... on level 3 of the Dungeon.
             The game lasted 00:03:08 (1866 turns).

theswoord the Cudgeller (Demonspawn Monk)           Turns: 1866, Time: 00:03:09

Health: -1/35      AC: 11    Str: 13    XL:     4   Next: 23%
Magic:  4/4        EV:  9    Int: 12    God:
Gold:   121        SH:  0    Dex: 15    Spells: 3/3 levels left

rFire   . . .      SeeInvis .    e - +0 whip
rCold   . . .      Faith    .    (no shield)
rNeg    . . .      Spirit   .    n - +1 scale mail
rPois   .          Reflect  .    (helmet restricted)
rElec   .          Harm     .    (no cloak)
rCorr   .          Rampage  .    f - +1 pair of gloves
Will    .....                    (no boots) Stlth
                                 g - amulet of the acrobat
HPRegen 0.25/turn                (no ring)
MPRegen 0.09/turn                (no ring)

@: confused, brilliant, ambrosia-drunk, invisible
A: horns 1, icy blue scales 1, spiny 1
a: no special abilities


You were on level 3 of the Dungeon.
You visited 1 branch of the dungeon, and saw 3 of its levels.

You collected 121 gold pieces.

Inventory:

Hand Weapons
 a - a +0 mace
 e - a +0 whip (weapon)
Armour
 b - a +0 robe
 f - a +1 pair of gloves (worn)
 n - a +1 scale mail (worn)
Jewellery
 g - an amulet of the acrobat (around neck)
 s - an amulet of magic regeneration
Scrolls
 d - a scroll of vulnerability
 h - a scroll of identify
 p - a scroll of noise
 q - 2 scrolls of blinking
Potions
 c - a potion of ambrosia
 j - 2 potions of flight
 l - a potion of degeneration {unknown}
 m - 2 potions of heal wounds {unknown}
 o - 2 potions of mutation {unknown}
 r - a potion of berserk rage {unknown}
 t - a potion of curing {unknown}


   Skills:
 - Level 3.0 Fighting
 + Level 4.6 Maces & Flails
 - Level 2.6 Dodging
 - Level 1.7 Stealth


You had 3 spell levels left.
You didn't know any spells.
Your spell library contained the following spells:

 Spells                   Type           Power      Damage    Failure   Level
 Blink                    Tloc           0%         N/A       94%         2
 Manifold Assault         Tloc           0%         N/A       100%        4
 Storm Form               Tmut/Air       0%         N/A       100%        7


Dungeon Overview and Level Annotations

Branches:
Dungeon (3/15)

Altars:
Trog

Annotations:
D:3 Ijyb


Innate Abilities, Weirdness & Mutations

You have a pair of small horns on your head.
You are partially covered in icy blue scales. (AC +2)
You are partially covered in sharp spines.


Message History

* * * LOW HITPOINT WARNING * * *
You hit Ijyb but do no damage. You headbutt Ijyb, but do no damage.
Ijyb closely misses you.
You are confused.
You feel invigorated. Ijyb hits you with a +0 club.
* * * LOW HITPOINT WARNING * * *
You hit Ijyb but do no damage. Your headbutt misses Ijyb.
Ijyb zaps a wand.
The bolt of light hits you!
* * * LOW HITPOINT WARNING * * *
Ijyb screams, "Level is mine!
All mine!"
Ijyb barely misses you.
You feel less invigorated.
You feel less confused. Ijyb hits you but does no damage.
Ijyb completely misses you. Ijyb is struck by your spines.
Ijyb hits you but does no damage.
You closely miss Ijyb. Ijyb barely misses you.
You barely miss Ijyb. Ijyb hits you but does no damage.
You hit Ijyb but do no damage.
Ijyb zaps a wand.
The bolt of light misses you.
You barely miss Ijyb. Ijyb hits you but does no damage.
You hit Ijyb. Ijyb closely misses you.
You hit Ijyb but do no damage. Your headbutt misses Ijyb.
You closely miss Ijyb. Ijyb hits you but does no damage.
You hit Ijyb. Ijyb hits you but does no damage.
You closely miss Ijyb. You headbutt Ijyb, but do no damage.
Ijyb zaps a wand.
The bolt of light hits you.
You are confused.
* * * LOW HITPOINT WARNING * * *
Ijyb is struck by your spines. Ijyb hits you but does no damage.
It was a potion of invisibility.
You fade into invisibility!
You feel less confused. Ijyb hits you with a +0 club.
* * * LOW HITPOINT WARNING * * *
You are confused.
You feel invigorated.
Ijyb zaps a wand.
The bolt of light hits you.
* * * LOW HITPOINT WARNING * * *
It was a potion of brilliance.
You feel clever all of a sudden.
Ijyb zaps a wand.
The bolt of light hits you!
You die...

## ### .#############
#######....
.............###.)....>..#
..........##.##.@g##......
.########.##..............
.#### #.....###...##......
....###.###.# ##.## ....#
.##.....# #.# #.# ...#
.######.# #.# #.# .## .#
#..... #.# # .# ###.#. #.#
.# .#. #.#


You could see Ijyb (unable to see you).

Vanquished Creatures
  2 adders (D:2)
  A worm (D:2)
  6 dart slugs (D:3)
  An orc (D:3)
  5 ball pythons
  6 endoplasms
  4 goblins
  2 hobgoblins
  3 quokkas
  4 bats
  3 frilled lizards
  5 kobolds
  2 rats
44 creatures vanquished.

Vanquished Creatures (others)
  A dart slug (D:3)
1 creature vanquished.

Grand Total: 45 creatures vanquished

Notes
Turn   | Place    | Note
-------+----------+-------------------------------------------
     0 | D:1      | theswoord the Demonspawn Monk began the quest for the Orb.
     0 | D:1      | Reached XP level 1. HP: 18/18 MP: 1/1
   103 | D:1      | Reached skill level 3 in Maces & Flails
   141 | D:1      | Found a faded altar of an unknown god.
   262 | D:1      | Gained mutation: You have a pair of small horns on your
                  | head. [demonic ancestry]
   262 | D:1      | Reached XP level 2. HP: 14/24 MP: 2/2
   853 | D:2      | Found a bloodstained altar of Trog.
   994 | D:2      | Reached skill level 4 in Maces & Flails
   994 | D:2      | Gained mutation: You are partially covered in icy blue
                  | scales. (AC +2) [demonic ancestry]
   994 | D:2      | Reached XP level 3. HP: 29/29 MP: 3/3
  1613 | D:3      | Gained mutation: You are partially covered in sharp spines.
                  | [demonic ancestry]
  1613 | D:3      | Reached XP level 4. HP: 18/35 MP: 4/4
  1831 | D:3      | Noticed Ijyb
  1866 | D:3      | Killed from afar by Ijyb

Skill      XL: |  1  2 |
---------------+-------+-----
Maces & Flails | 3 4 |  4.6
Fighting       | |  3.0
Dodging        | |  2.6
Stealth        | |  1.7

Action                     |  1- 3 |  4- 6 || total
---------------------------+-------+-------++-------
  Melee: Whip              |   120 |    37 ||   157
         Mace              |     2 |       ||     2
         Headbutt          |    20 |    10 ||    30
         Punch             |     2 |       ||     2
    Use: Scroll            |     5 |     3 ||     8
         Potion            |       |     4 ||     4
   Stab: Sleeping          |     4 |       ||     4
 Armour: Robe              |     4 |       ||     4
         Scale mail        |    49 |    22 ||    71
  Dodge: Dodged            |    59 |    34 ||    93

Levels and vault maps discovered:
D:1:      dpeg_arrival_erosion, layout_loops_cross, basic_ecumenical_altar
D:2:      layout_loops_ring, basic_altar
D:3:      kennysheep_slugbush, layout_loops_ring, uniq_ijyb
